 Dungeon Crawl Stone Soup version 0.27.1-3-gb3d3a73c9e (webtiles) character file.

Game seed: 15804273435979030119

58 styxcanada the Sneak (level 3, 0/18 HPs)
             Began as a Spriggan Brigand on Oct 28, 2021.
             Slain by an adder (3 damage)
             ... on level 3 of the Dungeon.
             The game lasted 00:08:00 (2360 turns).

styxcanada the Sneak (Spriggan Brigand)             Turns: 2360, Time: 00:08:01

Health: 0/18       AC:  3    Str:  7    XL:     3   Next: 76%
Magic:  4/4        EV: 16    Int: 12    God:
Gold:   142        SH:  0    Dex: 17    Spells: 2/2 levels left

rFire    . . .     SeeInvis +   a - +2 dagger
rCold    . . .     Faith    .   (shield restricted)
rNeg     . . .     Spirit   .   b - +0 robe
rPois    .         Reflect  .   (helmet restricted)
rElec    .         Harm     .   c - +0 cloak
rCorr    .         Rampage  .   (gloves unavailable)
Will     .....                  (boots unavailable)
Stlth    ++++......             (no amulet)
HPRegen  0.06/turn              (no ring)
MPRegen  0.09/turn              (no ring)

@: lethally poisoned (0 -> -8), very quick
A: very small, no large weapons, unfitting armour, see invisible, speed 3
a: no special abilities


You were on level 3 of the Dungeon.
You visited 1 branch of the dungeon, and saw 3 of its levels.

You collected 142 gold pieces.

Inventory:

Hand Weapons
 a - a +2 dagger (weapon)
Missiles
 d - 12 poisoned darts (quivered)
 e - 2 curare-tipped darts
 g - 82 stones
 l - 5 boomerangs
 o - 16 sling bullets
Armour
 b - a +0 robe (worn)
 c - a +0 cloak (worn)
Scrolls
 f - 4 scrolls of teleportation {unknown}
 h - 2 scrolls of torment {unknown}
 i - a scroll of magic mapping {unknown}
 j - a scroll of identify {unknown}
 m - a scroll of fog {unknown}
 n - a scroll of fear {unknown}
Potions
 k - a potion of heal wounds {unknown}


   Skills:
 + Level 1.9 Fighting
 + Level 3.0 Short Blades
 + Level 2.0 Throwing
 + Level 1.4 Dodging
 + Level 7.3 Stealth


You had 2 spell levels left.
You didn't know any spells.
Your spell library was empty.

Dungeon Overview and Level Annotations

Branches:
Dungeon (3/15)

Altars:


Innate Abilities, Weirdness & Mutations

You are very small and have problems with some larger weapons.
You are too small for most types of armour.
You have supernaturally acute eyesight. (SInv)
You cover ground extremely quickly. (Speed+++)


Message History

The adder bites you but does no damage.
Throw: 14 darts (poison)
Press: ? - help, Q - select action, (/) - cycle Shift-Dir - straight line, f/p - adder
Aim: an adder (heavily wounded, 42% to hit)
You throw a poisoned dart. The poisoned dart hits the adder.
The adder is poisoned.
The adder is heavily wounded.
The adder closely misses you.
Throw: 13 darts (poison)
Press: ? - help, Q - select action, (/) - cycle Shift-Dir - straight line, f/p - adder
Aim: an adder (severely wounded, poisoned, 42% to hit)
You throw a poisoned dart. The poisoned dart hits the adder.
The adder looks even sicker.
The adder is severely wounded.
The adder bites you.
You closely miss the adder.
The adder is almost dead.
The adder closely misses you.
You hit the adder.
You kill the adder!
The adder bites you.
Your Short Blades skill increases to level 3!
You miss the adder. The adder bites you.
You are poisoned.
The adder poisons you!
You hit the adder.
The adder is moderately wounded.
You feel sick. The adder bites you.
You are lethally poisoned!
The adder poisons you!
You hit the adder.
The adder is severely wounded.
* * * LOW HITPOINT WARNING * * *
You feel very sick. The adder closely misses you.
You hit the adder.
The adder is severely wounded.
* * * LOW HITPOINT WARNING * * *
You feel sick. The adder bites you.
You die...

.. ###. ...
###..#######
..........# #..
##?###########
#..####.............
#..@S.....(.....####
#.#####..######.# #
###..## #.# #.....#
#.#### #.....#
#..... .........#
###### ####.....#
#.....# #######


You could see an adder.

Vanquished Creatures
  An adder (D:3)
  2 dart slugs (D:2)
  4 bats
  6 endoplasms
  4 giant cockroaches (D:1)
  5 hobgoblins
  2 quokkas (D:1)
  2 ball pythons
  3 frilled lizards
  4 goblins
  6 kobolds
  2 rats
41 creatures vanquished.

Vanquished Creatures (others)
  7 toadstools (D:1)
7 creatures vanquished.

Grand Total: 48 creatures vanquished

Notes
Turn   | Place    | Note
-------+----------+-------------------------------------------
     0 | D:1      | styxcanada the Spriggan Brigand began the quest for the
                  | Orb.
     0 | D:1      | Reached XP level 1. HP: 10/10 MP: 2/2
   184 | D:1      | Reached skill level 6 in Stealth
   454 | D:1      | Reached XP level 2. HP: 14/15 MP: 3/3
  1345 | D:2      | Reached XP level 3. HP: 18/18 MP: 4/4
  1354 | D:2      | Reached skill level 7 in Stealth
  2167 | D:2      | Found a faded altar of an unknown god.
  2360 | D:3      | Slain by an adder

Illustrated notes

Levels and vault maps discovered:
D:1:      nagdon_arrival_double_spiral, layout_loops_ring
D:2:      layout_basic, shapermc_ecumenical_altar_mp_vishouse
D:3:      layout_loops_ring, mainiacjoe_overflow_brackets, uniq_jessica

Skill      XL: |  1  2  3 |
---------------+----------+-----
Stealth        | 6 7 |  7.3
Short Blades   | 3 |  3.0
Fighting       | |  1.9
Throwing       | |  2.0
Dodging        | |  1.4

Action                   || total
-------------------------++-------
Melee: Dagger            ||   132
Throw: Dart              ||     4
 Stab: Sleeping          ||    17
Armor: Robe              ||    32
Dodge: Dodged            ||    74
